 Dungeon Crawl Stone Soup version 0.26-a0-652-gafc20e3620 (webtiles) character file.

Game seed: 3536482678757804360

32 Gargoyl the Skirmisher (level 3, 0/35 HPs)
             Began as a Gnoll Abyssal Knight on Oct 1, 2020.
             Was a Follower of Lugonu.
             Slain by a gnoll
             ... wielding a +0 spear
              (4 damage)
             ... on level 2 of the Dungeon.
             The game lasted 00:01:15 (625 turns).

Gargoyl the Skirmisher (Gnoll Abyssal Knight)        Turns: 625, Time: 00:01:16

Health: 0/35       AC:  9    Str: 15    XL:     3   Next: 25%
Magic:  6/6        EV: 12    Int: 16    God:    Lugonu [*.....]
Gold:   92         SH:  0    Dex: 14    Spells: 3/3 levels left

rFire    . . .     SeeInvis .   a - +1 hand axe
rCold    . . .     Faith    .   (no shield)
rNeg     . . .     Spirit   .   l - +0 ring mail
rPois    .         Reflect  .   (no helmet)
rElec    +         Harm     .   (no cloak)
rCorr    .         Rampage  .   (no gloves)
MR       .....                  j - +2 pair of boots
Stlth    +.........             c - amulet "Haofeq" {Acrobat +Blink rElec Int+2}
HPRegen  0.11/turn              (no ring)
MPRegen  0.10/turn              (no ring)

@: flying
A: distributed training, fangs 1, strong nose
a: Depart the Abyss, Renounce Religion, Evoke Blink


You were on level 2 of the Dungeon.
You worshipped Lugonu.
Lugonu was aware of your devotion.
You visited 1 branch of the dungeon, and saw 2 of its levels.
You visited the Abyss 1 time.

You collected 92 gold pieces.

Inventory:

Hand Weapons
 a - a +1 hand axe (weapon)
Armour
 j - a +2 pair of boots (worn)
 l - a +0 ring mail (worn)
Jewellery
 c - the amulet "Haofeq" (around neck) {Acrobat +Blink rElec Int+2}
   (You found it on level 2 of the Abyss)

   [amulet of the acrobat]

   It helps you evade while moving and waiting.
   It affects your intelligence (+2).
   It insulates you from electricity.
   It lets you blink.
Scrolls
 d - a scroll of identify {unknown}
 e - a scroll of immolation {unknown}
 h - a scroll of enchant weapon {unknown}
 i - a scroll of amnesia {unknown}
 n - a scroll of teleportation {unknown}
Potions
 b - a potion of stabbing
 f - a potion of heal wounds {unknown}
 g - a potion of flight
 k - a potion of invisibility {unknown}
 m - a potion of curing {unknown}


   Skills:
 + Level 6.5 Fighting
 + Level 0.7 Short Blades
 + Level 0.7 Long Blades
 + Level 4.5 Axes
 + Level 0.7 Maces & Flails
 + Level 0.7 Polearms
 + Level 0.7 Staves
 + Level 0.7 Slings
 + Level 0.7 Bows
 + Level 0.7 Crossbows
 + Level 0.7 Throwing
 + Level 4.5 Armour
 + Level 2.6 Dodging
 + Level 0.7 Stealth
 + Level 0.7 Shields
 + Level 0.7 Unarmed Combat
 + Level 0.7 Spellcasting
 + Level 0.5 Conjurations
 + Level 0.5 Hexes
 + Level 0.5 Summonings
 + Level 0.5 Necromancy
 + Level 0.5 Translocations
 + Level 0.5 Transmutations
 + Level 0.5 Fire Magic
 + Level 0.5 Ice Magic
 + Level 0.5 Air Magic
 + Level 0.5 Earth Magic
 + Level 0.5 Poison Magic
 + Level 4.5 Invocations
 + Level 0.7 Evocations


You had 3 spell levels left.
You didn't know any spells.
Your spell library was empty.

Dungeon Overview and Level Annotations

Branches:
Dungeon (2/15)

Altars:


Innate Abilities, Weirdness & Mutations

Your experience applies equally to all skills.
You have very sharp teeth.
Your uncanny sense of smell can sniff out nearby items.


Message History

The gnoll hits you but does no damage. The gnoll hits you with a +0 spear.
The gnoll hits you from afar with a +0 spear.
You hit the gnoll.
The gnoll is lightly wounded.
You hit the gnoll. The gnoll hits you with a +0 spear.
* * * LOW HITPOINT WARNING * * *
The gnoll hits you with a +0 spear.
* * * LOW HITPOINT WARNING * * *
The gnoll hits you but does no damage.
You closely miss the gnoll.
The gnoll is lightly wounded.
You barely miss the gnoll. The gnoll closely misses you.
The gnoll hits you with a +0 spear.
* * * LOW HITPOINT WARNING * * *
The gnoll closely misses you.
Unknown command.
It was a potion of flight.
You feel very buoyant.
You fly up into the air.
The gnoll hits you with a +0 spear.
You die...

.... .... .....
### +# ..... ..#
... ...... #.#
.... ......##.#
.....
.......#.##......
.........@gg.....
####...#g##.<...?
##.##.# .....
####.####....
#.......# ...
#.##.##.# +#
#.##.##.# #
###.##.##.# .#
#......##[# #.##


You could see 3 gnolls.

Vanquished Creatures
  A gnoll (D:2)
  An ooze (D:1)
  A dart slug (D:1)
  A leopard gecko (D:1)
  3 goblins (D:1)
  2 hobgoblins (D:1)
  3 bats (D:1)
  A frilled lizard (D:1)
  A kobold (D:1)
  2 rats (D:1)
16 creatures vanquished.

Notes
Turn   | Place    | Note
-------+----------+-------------------------------------------
     0 | Abyss:1  | Gargoyl the Gnoll Abyssal Knight began the quest for the
                  | Orb.
     0 | Abyss:1  | Reached XP level 1. HP: 23/23 MP: 3/3
    12 | Abyss:2  | Got a clouded steel amulet
    18 | Abyss:2  | Identified the amulet "Haofeq" {Acrobat +Blink rElec Int+2}
                  | (You found it on level 2 of the Abyss)
    36 | Abyss:2  | Noticed an ancient zyme
    37 | Abyss:3  | Noticed a large abomination
    37 | Abyss:3  | Noticed a large abomination
    46 | Abyss:4  | Noticed a shambling mangrove
    46 | Abyss:4  | Noticed a water nymph
    46 | Abyss:4  | Noticed a tengu reaver
    46 | Abyss:4  | Noticed a water elemental
    46 | Abyss:4  | Noticed a water elemental
    46 | Abyss:4  | Noticed a worldbinder
    46 | Abyss:4  | Noticed a satyr
    46 | Abyss:4  | Noticed a rakshasa
    47 | D:1      | Escaped the Abyss
   100 | D:1      | Reached * piety under Lugonu
   115 | D:1      | Reached XP level 2. HP: 21/29 MP: 5/5
   618 | D:2      | Reached XP level 3. HP: 28/35 MP: 6/6
   625 | D:2      | Slain by a gnoll

Illustrated notes

Levels and vault maps discovered:
D:1:      dpeg_arrival_water_temple_mockup, layout_rooms, minmay_pentomino_s2
D:2:      layout_loops_corners, marbit_many_paths,
          nicolae_tso_swordbearing_angel, chequers_decorated_corner

Action                   || total
-------------------------++-------
Melee: Hand axe          ||    41
       Bite              ||     3
Invok: Depart the Abyss  ||     1
  Use: Potion            ||     2
 Stab: Sleeping          ||     1
Armor: Leather armour    ||     8
       Ring mail         ||     6
Dodge: Dodged            ||    61

Table legend: (Time is in decaauts)
 A = Elapsed time spent in this place.
 B = Non-inter-level travel time spent in this place.
 C = Inter-level travel time spent in this place.
 D = Time resting spent in this place.
 E = Time spent auto-exploring this place.
 F = Levels seen in this place.
 G = Mean time per level.
                   A        B        C        D        E       F      G
               +--------+--------+--------+--------+--------+-----+--------+
         Total |    627 |    621 |      6 |      0 |    421 |   6 |  104.5 |
       Dungeon |    580 |    574 |      6 |      0 |    421 |   2 |  290.0 |
         Abyss |     46 |     46 |      0 |      0 |      0 |   4 |   11.5 |
               +--------+--------+--------+--------+--------+-----+--------+

Top non-repeatable levels by time:
     D:1: 533 daAuts
     D:2: 47 daAuts
 Abyss:2: 28 daAuts
 Abyss:3: 8 daAuts
 Abyss:1: 8 daAuts
 Abyss:4: 0 daAuts
